 Dungeon Crawl Stone Soup version 0.27-a0-1202-ge72e49191c (webtiles) character file.

Game seed: 62674592338871792

19796 Ijustatesigmund the Nimble (level 12, -4/100 HPs)
             Began as a Demonspawn Fighter on June 3, 2021.
             Was a Priest of Cheibriados.
             Slain by a gargoyle
             ... wielding a +0 mace
              (10 damage)
             ... on level 11 of the Dungeon.
             The game lasted 00:28:08 (9621 turns).

Ijustatesigmund the Nimble (Demonspawn Fighter)     Turns: 9621, Time: 00:28:09

Health: -4/100     AC: 27    Str: 24    XL:     12   Next: 39%
Magic:  18/18      EV: 14    Int: 18    God:    Cheibriados [***...]
Gold:   875        SH: 11    Dex: 23    Spells: 11/11 levels left

rFire    + . .     SeeInvis .   a - +5 war axe (venom)
rCold    . . .     Faith    .   c - +1 kite shield
rNeg     . . .     Spirit   .   u - +3 chain mail {rF+}
rPois    .         Reflect  .   m - +2 hat
rElec    .         Harm     .   (no cloak)
rCorr    .         Rampage  .   (no gloves)
Will     .....                  i - +0 pair of boots
Stlth    ..........             e - amulet of regeneration
HPRegen  1.26/turn              (no ring)
MPRegen  0.16/turn              (no ring)

@: sanguine armoured, studying Dodging, very slow
A: hooves 2, foul stench 1, spiny 1, sanguine armour 3
a: Renounce Religion, Bend Time, Temporal Distortion


You were on level 11 of the Dungeon.
You worshipped Cheibriados.
Cheibriados was most pleased with you.
You visited 2 branches of the dungeon, and saw 14 of its levels.

You collected 875 gold pieces.

Inventory:

Hand Weapons
 a - a +5 war axe of venom (weapon)
 o - a +0 broad axe of flaming
Missiles
 A - 6 atropa-tipped darts (quivered)
Armour
 b - the +2 ring mail of the Shore {+Inv rElec Dex+4}
   (You found it on level 7 of the Dungeon)

   It affects your dexterity (+4).
   It insulates you from electricity.
   It lets you turn invisible.
 c - a +1 kite shield (worn)
 i - a +0 pair of boots (worn)
 m - a +2 hat (worn)
 u - a +3 chain mail of fire resistance (worn)
Jewellery
 e - an amulet of regeneration (around neck)
 r - a ring of magical power
 t - a ring of wizardry
 v - a +6 ring of strength
 w - a ring of fire
 F - a ring of positive energy
Wands
 k - a wand of iceblast (20)
 n - a wand of digging (8)
 y - a wand of mindburst (20)
 E - a wand of paralysis (12)
Scrolls
 p - 6 scrolls of identify
 q - a scroll of vulnerability
 s - a scroll of brand weapon
 x - 2 scrolls of enchant weapon
 B - a scroll of fog
 C - a scroll of enchant armour
 G - 2 scrolls of blinking
Potions
 d - 3 potions of flight
 f - 3 potions of curing
 g - a potion of lignification
 h - 2 potions of mutation
 j - 2 potions of heal wounds
 l - 2 potions of resistance
 H - a potion of brilliance


   Skills:
 + Level 11.4 Fighting
 + Level 11.4 Axes
 - Level 4.8 Armour
 + Level 12.1 Dodging
 - Level 2.6 Shields
 + Level 8.3 Invocations


You had 11 spell levels left.
You didn't know any spells.
Your spell library contained the following spells:

 Spells                   Type           Power      Damage    Failure   Level
 Magic Dart               Conj           0%         1d3       100%        1
 Shock                    Conj/Air       0%         1d3       100%        1
 Blink                    Tloc           N/A        N/A       100%        2
 Call Imp                 Summ           0%         N/A       100%        2
 Slow                     Hex            0%         N/A       100%        2
 Static Discharge         Conj/Air       0%         N/A       100%        2
 Conjure Flame            Conj/Fire      0%         6-21      100%        3
 Mephitic Cloud           Conj/Pois/Air  0%         N/A       100%        3
 Swiftness                Air            0%         N/A       100%        3
 Airstrike                Air            0%         N/A       100%        4
 Lightning Bolt           Conj/Air       0%         1d11      100%        5


Dungeon Overview and Level Annotations

Branches:
Dungeon (13/15)            Temple (1/1) D:7            Lair (0/6) D:10
    Orc (0/2) D:12
 Vaults: D:13-14

Altars:
Ashenzari
Cheibriados
Dithmenos
Elyvilon
Fedhas
Gozag
Hepliaklqana
Kikubaaqudgha
Makhleb
Nemelex Xobeh
Okawaru
Qazlal
Ru
Sif Muna
Trog
Uskayaw
Vehumet
Wu Jian
Xom
Yredelemnul
Zin
The Shining One
Beogh

Shops:
D:8 [


Innate Abilities, Weirdness & Mutations

You have hoof-like feet.
You may rarely emit foul miasma when damaged in melee.
You are partially covered in sharp spines.
When seriously injured, your bleeding wounds create very thick armour. (AC +12)


Message History

The gargoyle hurls a stone arrow at you.
The stone arrow misses you.
The stone arrow misses the skeletal warrior.
The deep elf pyromancer mumbles some strange words.
The deep elf pyromancer blinks!
The deep elf pyromancer moves out of view.
Blink to where?
Press: ? - help, Dir - move target
As you read the scroll of blinking, it crumbles to dust.
You feel sick.
You feel sick.
The gargoyle hurls a stone arrow at you.
You block the stone arrow.
You climb upwards.
You feel sick.
There is a stone staircase leading down here.
You hit the gargoyle.
The gargoyle is moderately damaged.
You feel sick.
The gargoyle hurls a stone arrow at you.
The stone arrow hits you!!
* * * LOW HITPOINT WARNING * * *
You hit the gargoyle.
The gargoyle is moderately damaged.
You feel sick.
The gargoyle hits you but does no damage.
You slash the gargoyle!
The gargoyle is almost destroyed.
You feel sick.
The gargoyle hurls a stone arrow at you.
You block the stone arrow.
You hit the gargoyle but do no damage.
The gargoyle is almost destroyed.
The gargoyle hits you but does no damage.
You block the gargoyle's attack.
You hit the gargoyle but do no damage.
The gargoyle is almost destroyed.
You feel sick.
You are no longer poisoned.
The gargoyle hits you with a +0 mace!
You die...

.........................#
...######................##
.### ###..................#
.# #....................##
## #.....................#
### ##....................#
#.##
#....................##
...##
##.......9.(..}.......#
....#
##.......@..........##
....# #.................##
...## ##..........[...###
...## ###.........#.##
....## ##########..###
.....# ##......## ..#..##
###...###..## ..##..##
###...### ##..### .###...#
###...### ##...##


You could see a gargoyle.

Vanquished Creatures
  Erica (D:11)
  2 centaur warriors
  8 two-headed ogres
  Urug (D:12)
  Pikel (D:8)
  2 ugly things (D:12)
  2 cyclopes
  A manticore (D:13)
  A centaur zombie (D:11)
  8 trolls
  The ghost of Morbidden the Shield-Bearer, an amateur DgFi (D:5)
  The ghost of iamserjio the Digger, an amateur OpEE (D:7)
  A shadow (D:11)
  2 wyverns
  A wraith (D:10)
  A human (D:12)
  2 vampires
  A steam dragon (D:7)
  5 vampire mosquitoes
  Edmund (D:6)
  4 wargs
  An acid dragon (D:12)
  A water moccasin (D:7)
  5 orc warriors
  3 black bears
  A hornet zombie (D:5)
  4 ice beasts
  6 sky beasts
  A necrophage (D:6)
  An ogre (D:5)
  3 centaurs
  3 kobold brigands
  6 bullfrogs
  A water moccasin zombie (D:5)
  A wyvern skeleton (D:5)
  3 scorpions
  17 killer bees
  3 howler monkeys
  6 wights
  A wyvern simulacrum (D:7)
  A jelly (D:5)
  9 orc priests
  2 centaur skeletons (D:7)
  Terence (D:3)
  6 orc wizards
  2 scorpion zombies (D:5)
  2 killer bee zombies (D:5)
  A hound zombie (D:5)
  A killer bee simulacrum (D:7)
  2 howler monkey zombies
  7 gnolls
  8 adders
  A shadow imp (D:7)
  A white imp (D:7)
  An ufetubus (D:4)
  A worm (D:3)
  2 dart slugs
  40 orcs
  6 endoplasms
  4 giant cockroaches
  5 goblins
  2 hobgoblins (D:1)
  15 jackals
  26 kobolds
  8 quokkas
  7 ball pythons
  6 bats
  3 frilled lizards
  6 rats
290 creatures vanquished.

Notes
Turn   | Place    | Note
-------+----------+-------------------------------------------
     0 | D:1      | Ijustatesigmund the Demonspawn Fighter began the quest for
                  | the Orb.
     0 | D:1      | Reached XP level 1. HP: 18/18 MP: 1/1
    92 | D:1      | Gained mutation: When seriously injured, your bleeding
                  | wounds create armour. (AC +12) [demonic ancestry]
    92 | D:1      | Reached XP level 2. HP: 24/24 MP: 2/2
   219 | D:1      | Found a faded altar of an unknown god.
   565 | D:2      | Gained mutation: When seriously injured, your bleeding
                  | wounds create thick armour. (AC +12) [demonic ancestry]
   565 | D:2      | Reached XP level 3. HP: 27/29 MP: 3/3
   719 | D:2      | Reached XP level 4. HP: 36/37 MP: 4/4
  1178 | D:3      | Noticed Terence
  1186 | D:3      | Killed Terence
  1354 | D:3      | Gained mutation: You have large cloven feet. [demonic
                  | ancestry]
  1354 | D:3      | Reached XP level 5. HP: 42/42 MP: 5/5
  2088 | D:4      | Noticed a black bear
  2101 | D:4      | Killed a black bear
  2102 | D:4      | Reached XP level 6. HP: 16/49 MP: 6/6
  2356 | D:4      | Noticed an ice beast
  2751 | D:5      | Entered Level 5 of the Dungeon
  2773 | D:5      | Noticed a sky beast
  2788 | D:5      | Killed a sky beast
  2789 | D:5      | Reached skill level 5 in Fighting
  2819 | D:5      | Reached skill level 5 in Axes
  2825 | D:5      | Noticed an ice beast
  2835 | D:5      | Killed an ice beast
  2836 | D:5      | Gained mutation: When seriously injured, your bleeding
                  | wounds create very thick armour. (AC +12) [demonic
                  | ancestry]
  2836 | D:5      | Reached XP level 7. HP: 45/56 MP: 7/7
  3261 | D:5      | Found a runed translucent gate.
  3261 | D:5      | Found a runed translucent gate.
  3261 | D:5      | Found a runed translucent gate.
  3285 | D:5      | Noticed Morbidden's ghost (amateur DgFi)
  3312 | D:5      | Killed Morbidden's ghost
  3313 | D:5      | Gained mutation: You may rarely emit foul miasma when
                  | damaged in melee. [demonic ancestry]
  3313 | D:5      | Reached XP level 8. HP: 37/60 MP: 8/8
  3416 | D:5      | Identified the +2 ring mail of Entitlement {rElec Stlth+}
  3723 | D:6      | Noticed Edmund
  3740 | D:6      | Killed Edmund
  3741 | D:6      | Reached skill level 1 in Dodging
  3958 | D:5      | Reached skill level 2 in Dodging
  4397 | D:6      | Reached XP level 9. HP: 71/71 MP: 9/9
  4589 | D:7      | Identified the +2 ring mail of the Shore {+Inv rElec Dex+4}
  4605 | D:7      | Identified a scroll of acquirement
  4605 | D:7      | Acquired a manual of Dodging
  4702 | D:7      | Reached skill level 3 in Dodging
  4852 | D:7      | Reached skill level 4 in Dodging
  4884 | D:7      | Found a staircase to the Ecumenical Temple.
  4927 | D:7      | Found a runed translucent gate.
  4928 | D:7      | Found a runed translucent gate.
  4929 | D:7      | Found a runed translucent gate.
  4955 | D:7      | Noticed iamserjio's ghost (amateur OpEE)
  4983 | D:7      | Reached skill level 5 in Dodging
  5116 | D:7      | Identified the +10 short sword of Turmoil {freeze, *Rage
                  | rPois rF+ Will+}
  5396 | D:7      | Killed iamserjio's ghost
  5397 | D:7      | Reached skill level 6 in Dodging
  5600 | D:8      | Reached XP level 10. HP: 82/82 MP: 10/10
  5687 | D:8      | Noticed a two-headed ogre
  5701 | D:8      | Killed a two-headed ogre
  5702 | D:8      | Reached skill level 7 in Dodging
  5867 | D:8      | Noticed Pikel
  5878 | D:8      | Killed Pikel
  5879 | D:8      | Reached skill level 8 in Dodging
  6061 | D:8      | Found Lyhiupt's Armour Boutique.
  6061 | D:8      | Noticed a two-headed ogre
  6082 | D:8      | Killed a two-headed ogre
  6409 | D:9      | Identified the +4 trident of Nealuv {flame, rPois}
  6522 | D:9      | Reached skill level 9 in Dodging
  6615 | D:9      | Reached skill level 10 in Axes
  6706 | Temple   | Entered the Ecumenical Temple
  6886 | Temple   | Became a worshipper of Cheibriados the Contemplative
  6956 | D:9      | Noticed a two-headed ogre
  6969 | D:8      | Killed a two-headed ogre
  6970 | D:8      | Reached skill level 1 in Invocations
  6981 | D:8      | Gained mutation: You have hoof-like feet. [demonic
                  | ancestry]
  6981 | D:8      | Reached XP level 11. HP: 59/90 MP: 12/12
  6985 | D:9      | Noticed a two-headed ogre
  7115 | D:9      | Killed a two-headed ogre
  7116 | D:9      | Reached skill level 10 in Fighting
  7344 | D:10     | Entered Level 10 of the Dungeon
  7358 | D:10     | Noticed a two-headed ogre
  7367 | D:10     | Killed a two-headed ogre
  7434 | D:10     | Found a staircase to the Lair.
  7440 | D:10     | Reached skill level 10 in Dodging
  7453 | D:10     | Reached * piety under Cheibriados
  7602 | D:10     | Identified the +4 ring mail of Articulation {Int+3}
  7731 | D:10     | Found a sparkling altar of Nemelex Xobeh.
  8327 | D:11     | Reached skill level 5 in Invocations
  8370 | D:11     | Noticed a centaur warrior
  8374 | D:11     | Killed a centaur warrior
  8387 | D:11     | Noticed Erica
  8398 | D:11     | Killed Erica
  8611 | D:11     | Noticed a two-headed ogre
  8617 | D:11     | Killed a two-headed ogre
  8618 | D:11     | Reached skill level 11 in Dodging
  9168 | D:12     | Found a staircase to the Orcish Mines.
  9172 | D:12     | Reached ** piety under Cheibriados
  9177 | D:12     | Noticed a green ugly thing
  9193 | D:13     | Noticed a centaur warrior
  9206 | D:13     | Killed a centaur warrior
  9207 | D:13     | Gained mutation: You are partially covered in sharp spines.
                  | [demonic ancestry]
  9207 | D:13     | Reached XP level 12. HP: 53/97 MP: 15/17
  9337 | D:12     | Noticed a two-headed ogre
  9343 | D:12     | Killed a two-headed ogre
  9411 | D:12     | Noticed Urug
  9420 | D:12     | Noticed a two-headed ogre
  9424 | D:12     | Killed Urug
  9430 | D:12     | Killed a two-headed ogre
  9430 | D:12     | Reached *** piety under Cheibriados
  9499 | D:12     | Reached skill level 12 in Dodging
  9606 | D:12     | Noticed a death knight
  9617 | D:11     | HP: 4/100 [gargoyle/stone arrow (18)]
  9621 | D:11     | Slain by a gargoyle

Illustrated notes

Levels and vault maps discovered:
D:1:      minmay_arrival_open_corners, layout_basic,
          shapermc_ecumenical_altar_venn
D:2:      layout_basic
D:3:      layout_loops_corners, grunt_ministairs_5, serial_bayou_pond_b,
          uniq_terence
D:4:      layout_loops_ring, zin_treasury, lightli_corner_chamber
D:5:      layout_basic, gammafunk_ghost_necromancy
D:6:      layout_loops_ring, minmay_splitting_lines, uniq_edmund
D:7:      layout_basic, temple_pool_b, gammafunk_ghost_icy,
          minmay_misc_feat_room, minmay_misc_feat_x
D:8:      layout_loops_ring, kennysheep_diamond, kennysheep_windowed_goal,
          uniq_pikel
D:9:      layout_rooms, special_room [special_room_orc],
          chequers_serial_rivers_room_b
D:10:     layout_long_grid, marbit_many_paths, erik_lair_orcish_takeover
D:11:     layout_cave_pods, uniq_erica
D:12:     layout_gridville, erik_orc_4, minmay_tree_intersection,
          minmay_increasing_density, uniq_urug
D:13:     layout_small_grid, gammafunk_ghost_berserking_beasts,
          chequers_decorated_corner
Temple:   regret_index_temple_chain_breaker

Skill      XL: |  1  2  3  4  5  6  7  8  9 10 11 12 |
---------------+-------------------------------------+-----
Axes           | 2 3 4 5 6 7 9 10 11 | 11.4
Fighting       | 4 5 6 8 9 10 11 | 11.4
Armour         | 3 4 |  4.8
Dodging        | 2 6 9 11 12 | 12.1
Invocations    | 2 7 8 |  8.3
Shields        | |  2.6

Action                   |  1- 3 |  4- 6 |  7- 9 | 10-12 || total
-------------------------+-------+-------+-------+-------++-------
Melee: War axe           |    95 |   228 |   346 |   339 ||  1008
Throw: Dart              |       |       |       |     2 ||     2
 Abil: Evoke Invisibilit |       |       |       |     1 ||     1
Evoke: Wand              |       |       |       |    10 ||    10
  Use: Scroll            |     3 |     3 |    15 |     7 ||    28
       Potion            |     2 |       |     2 |     4 ||     8
 Stab: Sleeping          |       |       |     2 |       ||     2
Armor: Scale mail        |    52 |    10 |       |       ||    62
       Chain mail        |       |   199 |    76 |    20 ||   295
       Ring mail         |       |       |   143 |   161 ||   304
       Skin              |       |       |       |     4 ||     4
Dodge: Dodged            |    25 |    57 |   140 |   271 ||   493
Block: Kite shield       |    58 |   137 |   185 |   250 ||   630

Table legend: (Time is in decaauts)
 A = Elapsed time spent in this place.
 B = Non-inter-level travel time spent in this place.
 C = Inter-level travel time spent in this place.
 D = Time resting spent in this place.
 E = Time spent auto-exploring this place.
 F = Levels seen in this place.
 G = Mean time per level.
                   A        B        C        D        E       F      G
               +--------+--------+--------+--------+--------+-----+--------+
         Total |  10783 |  10311 |    472 |    678 |   7269 |  14 |  770.2 |
       Dungeon |  10581 |  10164 |    417 |    678 |   7123 |  13 |  813.9 |
        Temple |    201 |    147 |     54 |      0 |    146 |   1 |  201.0 |
               +--------+--------+--------+--------+--------+-----+--------+

Top non-repeatable levels by time:
    D:11: 1354 daAuts
     D:7: 1166 daAuts
     D:8: 1114 daAuts
    D:10: 1074 daAuts
     D:5: 1074 daAuts
     D:3: 1016 daAuts
     D:4: 725 daAuts
     D:6: 708 daAuts
     D:2: 628 daAuts
     D:9: 596 daAuts
     D:1: 549 daAuts
    D:12: 519 daAuts
  Temple: 201 daAuts
    D:13: 52 daAuts
